 Dungeon Crawl Stone Soup version 0.29-a0-221-gceb61267dd (webtiles) character file.

Game seed: 12953998886044144815

38222 shoop the Markself (level 13, 0/76 HPs)
             Began as a Deep Elf Arcane Marksman on Feb 26, 2022.
             Was the Champion of Fedhas.
             Succumbed to Nessos's poison
             ... on level 12 of the Dungeon.
             The game lasted 01:43:14 (29993 turns).

shoop the Markself (Deep Elf Arcane Marksman)      Turns: 29993, Time: 01:43:19

Health: 0/76       AC: 10    Str: 15    XL:     13   Next: 62%
Magic:  24/24      EV: 16    Int: 22    God:    Fedhas [******]
Gold:   1757       SH:  0    Dex: 13    Spells: 12/24 levels left

rFire   . . .      SeeInvis +   a - +0 shortbow
rCold   + . .      Faith    +   (shield currently unavailable)
rNeg    . . .      Spirit   .   J - +2 robe {Will+}
rPois   .          Reflect  .   p - +2 helmet
rElec   .          Harm     .   G - +1 cloak
rCorr   .          Rampage  .   (no gloves)
Will    ++...                   E - +0 pair of boots
Stlth   +++.......              q - amulet of faith
HPRegen 0.22/turn               K - ring of see invisible
MPRegen 0.19/turn               k - +6 ring of strength

@: lethally poisoned (0 -> -21)
A: clumsy 1, cold resistance 1, passive freeze, wild magic 1
a: Renounce Religion, Wall of Briars, Grow Ballistomycete, Overgrow, Grow Oklob


You were on level 12 of the Dungeon.
You worshipped Fedhas.
Fedhas was exalted by your worship.
You visited 3 branches of the dungeon, and saw 15 of its levels.
You also visited: Ossuary and Bailey.

You collected 2340 gold pieces.
You spent 583 gold pieces at shops.

Inventory:

Hand Weapons
 a - a +0 shortbow (weapon)
 H - a +0 broad axe
Missiles
 s - 2 throwing nets
Armour
 p - a +2 helmet (worn)
 E - a +0 pair of boots (worn)
 G - a +1 cloak (worn)
 J - a +2 robe of willpower (worn)
Jewellery
 k - a +6 ring of strength (right hand)
 q - an amulet of faith (around neck)
 w - a ring of poison resistance
 K - a ring of see invisible (left hand)
Wands
 v - a wand of digging (12)
 I - a wand of paralysis (6)
 O - a wand of iceblast (7)
 P - a wand of flame (22)
Scrolls
 c - 2 scrolls of noise {unknown}
 d - 3 scrolls of amnesia
 e - 8 scrolls of teleportation
 g - a scroll of vulnerability
 j - 2 scrolls of summoning
 o - a scroll of silence
 r - 4 scrolls of magic mapping {unknown}
 t - 2 scrolls of brand weapon
 u - 3 scrolls of immolation
 y - 2 scrolls of fog {unknown}
 D - 5 scrolls of enchant armour
 F - 2 scrolls of enchant weapon {unknown}
 M - a scroll of acquirement
 T - a scroll of blinking
Potions
 f - 2 potions of haste
 h - 5 potions of heal wounds {unknown}
 i - 5 potions of curing
 l - a potion of attraction
 m - 5 potions of brilliance
 z - 2 potions of lignification {unknown}
 A - a potion of flight
 B - 4 potions of cancellation {unknown}
 C - 2 potions of mutation
 L - 2 potions of invisibility
 N - a potion of might
 U - 8 potions of ambrosia
Miscellaneous
 Q - a lightning rod (4/4)


   Skills:
 - Level 7.0 Fighting
 * Level 17.7 Bows
 - Level 10.0 Dodging
 - Level 5.0 Stealth
 - Level 6.0 Spellcasting
 - Level 9.0 Hexes
 - Level 4.0 Translocations
 - Level 3.0 Fire Magic
 - Level 13.0 Invocations
 - Level 4.0 Evocations


You had 12 spell levels left.
You knew the following spells:

 Your Spells              Type           Power      Damage    Failure   Level
b - Blink                 Tloc           62%        N/A       4%          2
c - Inner Flame           Hex/Fire       42%        N/A       4%          3
f - Cause Fear            Hex            28%        N/A       4%          4
r - Portal Projectile     Hex/Tloc       90%        N/A       3%          3

Your spell library contained the following spells:

 Spells                   Type           Power      Damage    Failure   Level
 Slow                     Hex            100%       N/A       1%          1
 Summon Guardian Golem    Hex/Summ       34%        N/A       7%          3
 Beastly Appendage        Tmut           16%        N/A       13%         1
 Summon Small Mammal      Summ           32%        N/A       13%         1
 Static Discharge         Conj/Air       8%         N/A       21%         2
 Wereblood                Tmut           8%         N/A       21%         2
 Conjure Flame            Conj/Fire      17%        6-21      21%         3
 Ignite Poison            Fire/Tmut/Pois 14%        N/A       26%         3
 Ozocubu's Armour         Ice            8%         N/A       34%         3
 Spider Form              Tmut/Pois      8%         N/A       34%         3
 Metabolic Englaciation   Hex/Ice        17%        N/A       45%         5
 Sticky Flame             Conj/Fire      17%        2d4       52%         4
 Manifold Assault         Tloc           31%        N/A       52%         5
 Dispel Undead            Necr           8%         3d8       73%         4
 Petrify                  Tmut/Erth      8%         N/A       73%         4
 Statue Form              Tmut/Erth      5%         N/A       100%        6
 Dragon Form              Tmut           4%         N/A       100%        7
 Orb of Destruction       Conj           4%         9d5       100%        7
 Ozocubu's Refrigeration  Ice            4%         4d5       100%        7
 Spellforged Servitor     Conj/Summ      4%         N/A       100%        7
 Storm Form               Tmut/Air       4%         N/A       100%        7
 Necromutation            Tmut/Necr      4%         N/A       100%        8


Dungeon Overview and Level Annotations

Branches:
Dungeon (12/15)            Temple (1/1) D:5            Lair (0/6) D:11
    Orc (2/2) D:10            Elf (0/3) Orc:2       Ossuary (visited)
 Bailey (visited)

Altars:
Ashenzari
Cheibriados
Dithmenos
Elyvilon
Fedhas
Gozag
Hepliaklqana
Kikubaaqudgha
Makhleb
Nemelex Xobeh
Okawaru
Qazlal
Ru
Sif Muna
Trog
Uskayaw
Vehumet
Wu Jian
Xom
Yredelemnul
Zin
The Shining One
Beogh

Shops:
D:6 [   D:9 [   Orc:2 [(*(

Annotations:
D:5 Prince Ribbit
D:6 3 runed translucent doors, spaghetti's ghost, novice OpFi
D:12 1 exclusion, Nessos


Innate Abilities, Weirdness & Mutations

You are clumsy. (Dex -2)
Your flesh is cold resistant. (rC+)
A frigid envelope surrounds you and freezes all who hurt you.
Your spells are a little harder to cast, but a little more powerful.


Message History

Aim: Nessos, wielding a +1 longbow of flaming and wearing a +1 barding of cold resistance (chance to affect: 59%) Nessos resists with significant effort.
You feel sick.
Nessos shoots an arrow.
The arrow hits you! The arrow burns you.
You are more poisoned.
Aiming: Paralyse
Press: ? - help, Shift-Dir - straight line, f/p - Nessos
Aim: Nessos, wielding a +1 longbow of flaming and wearing a +1 barding of cold resistance (chance to affect: 59%) Nessos resists with significant effort.
You feel very sick.
Nessos shoots an arrow.
The arrow closely misses you.
Nessos casts a spell.
Nessos seems to speed up.
Aiming: Paralyse
Press: ? - help, Shift-Dir - straight line, f/p - Nessos
Aim: Nessos, wielding a +1 longbow of flaming and wearing a +1 barding of cold resistance (fast, chance to affect: 59%) Nessos resists with significant effort.
You feel very sick.
Nessos shoots an arrow.
The arrow hits you!
* * * LOW HITPOINT WARNING * * *
The arrow burns you.
You are lethally poisoned!
* * * LOW HITPOINT WARNING * * *
Nessos shoots an arrow.
The arrow barely misses you.
As you read the scroll of fear, it crumbles to dust.
You assume a fearsome visage.
Nessos looks frightened!
* * * LOW HITPOINT WARNING * * *
You feel extremely sick.
Nessos casts a spell.
Nessos blinks!
Nessos casts a spell.
Nessos blinks!
* * * LOW HITPOINT WARNING * * *
You feel extremely sick.
Aiming: Paralyse
Press: ? - help, Shift-Dir - straight line, f/p - Nessos
Aim: Nessos, wielding a +1 longbow of flaming and wearing a +1 barding of cold resistance (fast, chance to affect: 59%)
Your attack snaps Nessos out of their fear.
Nessos suddenly stops moving!
You die...
Fedhas appreciates your contribution to the ecosystem.

..# #......#..........#....... ..#
#......#..........#.......
#'######......#..........#.......
#.............############.......
#......########..................
#......#.........................
#......'.........................
#......#.........................
#......#.ยง......@................
########.....c########........###
#.......... #........#..
#.....c.... #........#..
#.......... #........#..
#.......... #........#..
#...#.c..## #........#..
....#....# #........#..
.....#....#################..


You could see Nessos (paralysed).

Vanquished Creatures
  Saint Roka (Orc:2)
  An orc warlord (Orc:2)
  2 hydras
  2 vault guards (Bailey)
  A catoblepas (D:8)
  9 two-headed ogres
  An orc high priest (Orc:2)
  Lodul (D:10)
  3 orc knights
  2 orc sorcerers (Orc:2)
  2 cyclopes
  A wolf spider (D:8)
  A manticore (D:12)
  7 trolls
  A queen bee (D:12)
  2 meliai (D:12)
  2 hornets (D:9)
  The ghost of fabreeze the Sneak, an amateur OpSu (D:4)
  2 blink frogs
  A wraith (D:11)
  2 shadows
  3 wyverns
  3 humans (Bailey)
  15 yaks
  A basilisk (D:11)
  11 vampire mosquitoes
  A steam dragon (D:10)
  Menkaure (D:5)
  5 wargs
  2 acid dragons
  8 water moccasins
  A necrophage (D:8)
  2 black bears (D:6)
  39 orc warriors
  An ice beast (D:7)
  7 ogres
  6 centaurs
  A phantom (D:6)
  18 bullfrogs
  An elf zombie (Ossuary)
  7 kobold brigands
  4 gnoll sergeants
  A scorpion (D:7)
  36 killer bees
  9 wights
  4 howler monkeys
  2 jellies
  12 hounds
  4 gnoll shamans
  A human zombie (Ossuary)
  17 orc priests
  3 iguanas
  27 orc wizards
  4 mummies (Ossuary)
  39 gnolls
  6 adders
  2 shadow imps
  A white imp (D:5)
  An ufetubus (D:4)
  3 worms (D:2)
  2 dart slugs (D:1)
  82 orcs
  7 endoplasms
  3 giant cockroaches
  2 gnoll zombies (Ossuary)
  11 goblins
  13 hobgoblins
  2 jackals (D:2)
  6 quokkas
  6 ball pythons
  3 bats
  4 frilled lizards
  A goblin zombie (Ossuary)
  A hobgoblin zombie (Ossuary)
  38 kobolds
  2 kobold zombies (Ossuary)
  3 orc zombies (Ossuary)
  2 rats
  A rat zombie (Ossuary)
543 creatures vanquished.

Vanquished Creatures (collateral kills)
  A death knight (D:8)
  Psyche (D:8)
  An orc (Orc:2)
  30 ballistomycete spores
33 creatures vanquished.

Vanquished Creatures (others)
  An orc warrior (Orc:2)
  A ballistomycete spore (Orc:2)
  3 fungi (D:11)
  55 plants
60 creatures vanquished.

Grand Total: 636 creatures vanquished

Notes
Turn   | Place    | Note
-------+----------+-------------------------------------------
     0 | D:1      | shoop the Deep Elf Arcane Marksman began the quest for the
                  | Orb.
     0 | D:1      | Reached XP level 1. HP: 11/11 MP: 5/5
    56 | D:1      | Noticed a golden eye
    57 | D:1      | Found a faded altar of an unknown god.
    61 | D:1      | Noticed an eye of devastation
    65 | D:1      | Reached skill level 1 in Stealth
    71 | D:1      | Noticed a shining eye
    71 | D:1      | Noticed a great orb of eyes
   470 | D:1      | Reached XP level 2. HP: 16/16 MP: 6/6
   966 | D:2      | Reached skill level 1 in Fighting
   966 | D:2      | Reached skill level 3 in Bows
   966 | D:2      | Reached XP level 3. HP: 20/20 MP: 4/7
  1701 | D:2      | Reached XP level 4. HP: 20/25 MP: 8/8
  1777 | D:2      | Reached skill level 4 in Bows
  2212 | D:3      | Found a glowing golden altar of the Shining One.
  3038 | D:3      | Found a shimmering blue altar of Sif Muna.
  3250 | D:3      | Reached skill level 5 in Bows
  3250 | D:3      | Reached XP level 5. HP: 30/30 MP: 7/9
  3255 | D:3      | Learned a level 4 spell: Cause Fear
  3725 | D:3      | Reached skill level 5 in Hexes
  4276 | D:4      | Reached XP level 6. HP: 35/35 MP: 9/11
  4434 | D:4      | Found a transporter.
  4434 | D:4      | Noticed fabreeze's ghost (amateur OpSu)
  4635 | D:4      | Found a transporter.
  4947 | D:5      | Entered Level 5 of the Dungeon
  4955 | D:5      | Found a staircase to the Ecumenical Temple.
  4962 | Temple   | Entered the Ecumenical Temple
  5720 | D:5      | Noticed Menkaure
  5955 | D:5      | Reached XP level 7. HP: 40/40 MP: 14/14
  5991 | D:5      | Learned a level 3 spell: Inner Flame
  5995 | D:5      | Learned a level 3 spell: Portal Projectile
  6056 | D:5      | Reached skill level 1 in Fire Magic
  6485 | D:5      | Noticed Prince Ribbit
  6646 | D:6      | Found a hide-covered altar of Uskayaw.
  6899 | D:6      | Found a sand-covered staircase.
  6967 | Ossuary  | Entered an ossuary
  6981 | Ossuary  | Reached skill level 6 in Bows
  6998 | Ossuary  | Reached skill level 7 in Bows
  7313 | D:6      | Reached XP level 8. HP: 44/44 MP: 16/16
  7457 | D:6      | Found a runed translucent gate.
  7458 | D:6      | Found a runed translucent gate.
  7470 | D:6      | Got the Incunabulum of Shape Shifting and Companions
  7712 | D:6      | Found a runed translucent gate.
  7720 | D:6      | Identified the +0 plate armour of Gemicufy {Stlth+}
  7749 | D:6      | Found Uwomazull's Antique Armour Shoppe.
  7766 | D:6      | Reached skill level 8 in Bows
  7799 | D:6      | Reached skill level 9 in Bows
  8797 | D:6      | Noticed spaghetti's ghost (novice OpFi)
  9115 | D:5      | Reached skill level 10 in Bows
  9198 | D:5      | Killed Menkaure
  9308 | D:5      | Reached skill level 11 in Bows
 10080 | D:7      | Found a radiant altar of Vehumet.
 10114 | D:7      | Found a blossoming altar of Fedhas.
 10124 | D:7      | Became a worshipper of Fedhas Madash
 10166 | D:7      | Found a sparkling altar of Nemelex Xobeh.
 10286 | D:7      | Reached skill level 1 in Evocations
 10286 | D:7      | Reached XP level 9. HP: 38/48 MP: 17/17
 10584 | D:7      | Reached skill level 12 in Bows
 10626 | D:7      | Found a flagged portal.
 10648 | Bailey   | Entered a bailey
 10727 | Bailey   | Reached skill level 13 in Bows
 10743 | Bailey   | Gained mutation: You are clumsy. (Dex -2) [potion of
                  | mutation]
 10743 | Bailey   | Gained mutation: A frigid envelope surrounds you and
                  | freezes all who hurt you. [potion of mutation]
 10743 | Bailey   | Gained mutation: You have hidden genetic potential. [potion
                  | of mutation]
 10743 | Bailey   | HP: 1/48 [human/+2 vorpal hand axe (2)]
 11057 | Bailey   | Reached * piety under Fedhas
 11128 | Bailey   | Reached skill level 14 in Bows
 11417 | Bailey   | Noticed a vault guard
 11457 | Bailey   | Killed a vault guard
 11458 | Bailey   | Reached skill level 15 in Bows
 11458 | Bailey   | Reached XP level 10. HP: 8/53 MP: 2/18
 11740 | Bailey   | Noticed a vault guard
 12193 | Bailey   | Killed a vault guard
 12547 | D:7      | Gained mutation: Your spells are a little harder to cast,
                  | but a little more powerful. [hidden potential]
 13233 | D:8      | Reached ** piety under Fedhas
 13361 | D:8      | Noticed a wolf spider
 13385 | D:8      | Reached skill level 16 in Bows
 13404 | D:8      | Noticed an eight-headed hydra
 13409 | D:8      | Noticed a catoblepas
 13412 | D:8      | Killed an eight-headed hydra
 13413 | D:8      | Reached skill level 5 in Spellcasting
 13429 | D:8      | Killed a catoblepas
 13430 | D:8      | Reached skill level 5 in Invocations
 13896 | D:8      | Noticed Psyche
 13955 | D:8      | Reached XP level 11. HP: 27/57 MP: 22/22
 14058 | D:8      | Killed Psyche
 14426 | D:8      | Gained mutation: Your flesh is cold resistant. (rC+)
                  | [hidden potential]
 14426 | D:8      | Lost mutation: You have hidden genetic potential. [hidden
                  | potential expressed]
 14794 | D:8      | Found a burning altar of Makhleb.
 14795 | D:8      | Found an iron altar of Okawaru.
 14961 | D:8      | Reached *** piety under Fedhas
 15298 | D:8      | Noticed a death knight
 15322 | D:8      | Killed a death knight
 15579 | D:8      | Killed a wolf spider
 16008 | D:4      | Killed fabreeze's ghost
 16286 | D:4      | Learned a level 2 spell: Blink
 16622 | D:9      | You fall into a shaft and drop 1 floor!
 16622 | D:10     | Entered Level 10 of the Dungeon
 16626 | D:10     | Noticed a two-headed ogre
 16628 | D:10     | Noticed Lodul
 16628 | D:10     | Noticed a two-headed ogre
 16628 | D:10     | Noticed a two-headed ogre
 16629 | D:10     | Noticed a two-headed ogre
 16629 | D:10     | Noticed a two-headed ogre
 16631 | D:9      | Found Wasemido's Armour Shop.
 17196 | D:9      | Reached skill level 5 in Dodging
 17346 | D:9      | Found a stormy altar of Qazlal.
 17793 | D:9      | Reached **** piety under Fedhas
 18104 | D:9      | Identified a scroll of acquirement
 18455 | D:10     | Found a hazy altar of Hepliaklqana.
 18455 | D:10     | Found an opulent altar of Gozag.
 18538 | D:10     | Noticed a two-headed ogre
 18538 | D:10     | Noticed a two-headed ogre
 18872 | D:9      | Killed a two-headed ogre
 18884 | D:9      | Killed a two-headed ogre
 19406 | D:10     | Reached ***** piety under Fedhas
 19709 | D:10     | Found a staircase to the Orcish Mines.
 19886 | D:10     | Killed a two-headed ogre
 19887 | D:10     | Reached XP level 12. HP: 67/67 MP: 15/23
 19891 | D:10     | Killed a two-headed ogre
 19892 | D:10     | Reached skill level 10 in Invocations
 19898 | D:10     | Killed Lodul
 19899 | D:10     | Reached skill level 5 in Fighting
 19908 | D:10     | Killed a two-headed ogre
 19939 | D:10     | Killed a two-headed ogre
 19957 | D:10     | Killed a two-headed ogre
 20939 | D:11     | Found a staircase to the Lair.
 21065 | D:11     | Reached skill level 5 in Stealth
 21224 | D:11     | Noticed an eight-headed hydra
 21230 | D:11     | Killed an eight-headed hydra
 22092 | D:12     | Reached skill level 10 in Dodging
 22176 | Orc:1    | Entered Level 1 of the Orcish Mines
 22507 | Orc:2    | Entered Level 2 of the Orcish Mines
 22593 | Orc:2    | Reached ****** piety under Fedhas
 23519 | Orc:1    | You fall into a shaft and drop 1 floor!
 23548 | Orc:2    | Found a staircase to the Elven Halls.
 24134 | Orc:2    | Noticed Saint Roka
 24237 | Orc:1    | Reached XP level 13. HP: 76/76 MP: 17/24
 24432 | Orc:1    | Reached skill level 17 in Bows
 25351 | Orc:2    | Found Iwaub's General Store.
 25875 | Orc:2    | Found Weamo's Antique Weapon Shoppe.
 25947 | Orc:2    | Bought a scroll of immolation for 49 gold pieces
 26726 | Orc:2    | Killed Saint Roka
 27609 | Orc:2    | Noticed an orc warlord
 27643 | Orc:2    | Killed an orc warlord
 27783 | Orc:2    | Paralysed by an orc sorcerer for 3 turns
 28118 | Orc:2    | Found Julac's Antique Weapon Emporium.
 28120 | Orc:2    | Found Allonadd's Antique Armour Shoppe.
 28133 | Orc:2    | Bought an embroidered cloak for 187 gold pieces
 28204 | Orc:2    | Bought a potion of curing for 42 gold pieces
 28204 | Orc:2    | Bought a potion of haste for 140 gold pieces
 28436 | D:6      | Bought a pair of runed boots for 165 gold pieces
 28791 | D:12     | Noticed Nessos
 29993 | D:12     | Succumbed to Nessos's poison

Illustrated notes

Levels and vault maps discovered:
D:1:      eino_arrival_druids_welcome, layout_basic,
          hellmonk_ecumenical_altar_watching_god
D:2:      layout_loops_cross, chequers_serial_rivers_small_a, minivault_23,
          kennysheep_generic_room_7
D:3:      layout_loops_ring, kennysheep_orc_sif_temple,
          mainiacjoe_overflow_surrounded_room, minmay_curled_crystal
D:4:      layout_cave_pools, gammafunk_ghost_arena
D:5:      layout_loops_ring, minmay_temple_entry_trees,
          kennysheep_generic_room_12, uniq_prince_ribbit1, uniq_menkaure
D:6:      layout_layer_cave, mainiacjoe_overflow_cross_hatched,
          chequers_ossuary_entry_cave, serial_shops,
          nicolae_inconvenience_store, gammafunk_ghost_necromancy
D:7:      layout_gridville, nemelex_xobeh_ov_fountains_minmay,
          nicolae_vehumet_radiance, fedhas_altar_2, enter_bailey_3,
          minmay_misc_feat_more_columns
D:8:      nzn_winding_woodlands_three_and_one
          [nzn_winding_woodlands_5x15_garden,
          nzn_winding_woodlands_5x15_river_crossing,
          nzn_winding_woodlands_5x15_parted,
          nzn_winding_woodlands_center_pierced_h], layout_loops_corners,
          nicolae_overflow_hidden_temple, nicolae_zen_rock_garden, uniq_psyche
D:9:      kennysheep_housing_project, layout_basic,
          nicolae_qazlal_style_of_elements, serial_shops, shop
D:10:     layout_rooms, gammafunk_temple_overflow_elements,
          minmay_orc_entry_temple_small, uniq_lodul
D:11:     layout_loops_ring, minmay_lair_entry_grove, pond
D:12:     layout_grid_maze, special_room [special_room_bee], serial_shops,
          nicolae_lakefront_shop, minmay_nine_imps, uniq_nessos
Temple:   minmay_temple_curvy_loop
Orc:1:    layout_diamond_mine
Orc:2:    grunt_orc_community_town_hall, layout_diamond_mine,
          grunt_orc_community_big_house_2, grunt_orc_community_big_house_1,
          grunt_orc_community_house_1, grunt_orc_community_house_3,
          grunt_orc_community_house_3, grunt_orc_community_house_1,
          grunt_orc_community_house_2, grunt_orc_community_house_1,
          uniq_saint_roka

Skill      XL: |  1  2  3  4  5  6  7  8  9 10 11 12 13 |
---------------+----------------------------------------+-----
Stealth        | 2 3 5 |  5.0
Fighting       | 1 2 4 7 |  7.0
Bows           | 3 5 7 11 15 16 17 | 17.7
Dodging        | 3 6 10 | 10.0
Spellcasting   | 2 3 4 6 |  6.0
Hexes          | 6 7 8 9 |  9.0
Fire Magic     | 2 3 |  3.0
Translocations | 2 4 |  4.0
Evocations     | 1 3 4 |  4.0
Invocations    | 5 9 10 13 | 13.0

Action                   |  1- 3 |  4- 6 |  7- 9 | 10-12 | 13-15 || total
-------------------------+-------+-------+-------+-------+-------++-------
Melee: Unarmed           |       |     3 |       |       |       ||     3
       Shortbow          |       |       |       |     1 |       ||     1
 Fire: Shortbow          |    92 |   276 |   346 |  1211 |   603 ||  2528
 Cast: Slow              |     5 |    32 |    14 |       |       ||    51
       Cause Fear        |       |     2 |    16 |    44 |    24 ||    86
       Inner Flame       |       |       |    28 |    67 |    29 ||   124
       Blink             |       |       |       |     6 |     1 ||     7
Invok: Wall of Briars    |       |       |       |     4 |       ||     4
       Grow Ballistomyce |       |       |       |     1 |     4 ||     5
       Overgrow          |       |       |       |       |     1 ||     1
Evoke: Wand              |       |       |     2 |     5 |     5 ||    12
  Use: Potion            |       |     1 |     2 |       |       ||     3
       Scroll            |       |       |     9 |     7 |     2 ||    18
Armor: Robe              |     8 |    23 |    28 |    89 |    39 ||   187
Dodge: Dodged            |    40 |    79 |    86 |   221 |   105 ||   531

Table legend: (Time is in decaauts)
 A = Elapsed time spent in this place.
 B = Non-inter-level travel time spent in this place.
 C = Inter-level travel time spent in this place.
 D = Time resting spent in this place.
 E = Time spent auto-exploring this place.
 F = Levels seen in this place.
 G = Mean time per level.
                   A        B        C        D        E       F      G
               +--------+--------+--------+--------+--------+-----+--------+
         Total |  29650 |  27183 |   2467 |   7113 |  13444 |  17 | 1744.1 |
       Dungeon |  21475 |  19505 |   1970 |   3780 |  11272 |  12 | 1789.6 |
        Temple |    216 |    188 |     28 |      0 |    185 |   1 |  216.0 |
  Orcish Mines |   5893 |   5424 |    469 |   2001 |   1683 |   2 | 2946.5 |
       Ossuary |    237 |    237 |      0 |      4 |    169 |   1 |  237.0 |
        Bailey |   1827 |   1827 |      0 |   1327 |    135 |   1 | 1827.0 |
               +--------+--------+--------+--------+--------+-----+--------+

Top non-repeatable levels by time:
   Orc:2: 3932 daAuts
     D:8: 3316 daAuts
     D:5: 2388 daAuts
     D:6: 2186 daAuts
     D:9: 2006 daAuts
   Orc:1: 1961 daAuts
     D:3: 1846 daAuts
  Bailey: 1827 daAuts
    D:11: 1675 daAuts
     D:4: 1526 daAuts
     D:2: 1511 daAuts
    D:12: 1453 daAuts
     D:7: 1353 daAuts
    D:10: 1293 daAuts
     D:1: 917 daAuts
